 Dungeon Crawl Stone Soup version 0.18-a0-1171-ga8e22e7 (webtiles) character file.

610 Kidiri the Magician (level 7, -7/40 HPs)
             Began as a Deep Elf Fire Elementalist on Jan 26, 2016.
             Mangled by totalnoob's ghost (13 damage)
             ... on level 5 of the Dungeon.
             The game lasted 00:21:25 (7647 turns).

Kidiri the Magician (Deep Elf Fire Elementalist)    Turns: 7647, Time: 00:21:25

Health: -7/40      AC:  6    Str:  5    XL:     7   Next: 20%
Magic:  17/17      EV: 15    Int: 22    God:
Gold:   213        SH:  0    Dex: 15    Spells: 5 memorised, 4 levels left

rFire  . . .     SeeInvis .     d - +2 short sword (elec)
rCold  + . .     Gourm    .     i - +0 robe {rN+}
rNeg   + . .     Faith    .     (no shield)
rPois  .         Spirit   .     h - +2 helmet
rElec  .         Dismiss  .     (no cloak)
rCorr  .         Reflect  .     (no gloves)
SustAt .         Harm     .     r - +0 pair of boots
MR     .....                    (no amulet)
Stlth  +++.......               (no ring)
                                a - ring of protection from cold

@: starving, not resistant to hostile enchantments, fairly stealthy
A: no striking features
a: no special abilities


You were on level 5 of the Dungeon.
You were starving.

You visited 1 branch of the dungeon, and saw 5 of its levels.

You collected 213 gold pieces.

Inventory:

Hand Weapons
 d - a +2 short sword of electrocution (weapon)
 t - the +7 whip "Odghis" {vamp, rPois MP+9 Str+2 Int-2}
   (You found it on level 4 of the Dungeon)

   It inflicts no extra harm, but heals its wielder somewhat when it strikes a
   living foe.
   It affects your strength (+2).
   It affects your intelligence (-2).
   It protects you from poison.
   It affects your magic capacity (+9).
Missiles
 e - 7 javelins of penetration (quivered)
Armour
 h - a +2 helmet (worn)
 i - a +0 robe of positive energy (worn)
 k - a +0 shield
 r - a +0 pair of boots (worn)
Jewellery
 a - a ring of protection from cold (left hand)
Scrolls
 f - a scroll of enchant armour {unknown}
 j - 2 scrolls of remove curse
 s - 3 scrolls of recharging {unknown}
 u - a scroll of amnesia
Potions
 l - a potion of flight {unknown}
 m - 2 potions of cure mutation
 n - a potion of haste
 o - a potion of mutation {unknown}
 q - a potion of magic {unknown}
Books
 b - a book of Flames

   Spells                             Type                      Level
   a - Flame Tongue                   Conjuration/Fire             1
   b - Throw Flame                    Conjuration/Fire             2
   c - Conjure Flame                  Conjuration/Fire             3
   d - Inner Flame                    Hexes/Fire                   3
   e - Sticky Flame                   Conjuration/Fire             4
   f - Fireball                       Conjuration/Fire             5


   Skills:
 * Level 2.5 Fighting
 + Level 1.3 Armour
 * Level 5.0 Dodging
 + Level 4.0 Stealth
 * Level 1.2 Shields
 * Level 5.5 Spellcasting
 + Level 2.1 Conjurations
 + Level 3.9 Fire Magic


You had 4 spell levels left.
You knew the following spells:

 Your Spells              Type           Power        Failure   Level  Hunger
a - Flame Tongue          Conj/Fire      ###..        3%          1    None
b - Throw Flame           Conj/Fire      ###...       6%          2    None
c - Conjure Flame         Conj/Fire      ###.....     12%         3    ##.....
d - Inner Flame           Hex/Fire       ##......     14%         3    ##.....
e - Sticky Flame          Conj/Fire      ###.....     34%         4    ####...


Dungeon Overview and Level Annotations

Branches:
Dungeon (5/15)
 Temple: D:4-7

Altars:
Dithmenos
Elyvilon
Gozag
Kikubaaqudgha
Okawaru
Pakellas
Qazlal
Ru
Trog
Xom

Annotations:
D:5 totalnoob's ghost, novice CeFi


Message History

There is a stone staircase leading up here.
You see here 3 stones.
There is an open door here.
There is a stone staircase leading down here.
You climb downwards.
Level annotation: totalnoob's ghost, novice CeFi
There is a stone staircase leading up here.
Totalnoob's ghost turns its malevolent gaze towards you.
Totalnoob's ghost misses you. Totalnoob's ghost hits you!
Totalnoob's ghost hits you. Totalnoob's ghost hits you!
Totalnoob's ghost hits you!
* * * LOW HITPOINT WARNING * * *
Totalnoob's ghost hits you.
* * * LOW HITPOINT WARNING * * *
Totalnoob's ghost hits you.
* * * LOW HITPOINT WARNING * * *
Totalnoob's ghost hits you!
You die...

#.#..##.# #.# #.#...#.
.....##># ##.###.#####.
#...W<..#####
#.l..........
#.#.........#
#..######.###
#.####..###.#########..#
#.# #.......#
#..).........# #.#
#..###.###############.#
#.# ...#
#.......#######...## #.#
...# #######...<@W......#
#.#
##.#################.##.#
#.# #..........#
#.##.#####.# ##########.#
#.##..[....# #.#
#.########## #.########.#
#<.........# ############


You could see totalnoob's ghost.

Vanquished Creatures
  An ogre (D:4)
  A centaur (D:5)
  A hound (D:4)
  A centaur skeleton (D:4)
  An orc priest (D:4)
  2 orc wizards (D:4)
  3 worker ants (D:4)
  Robin (D:3)
  3 gnolls (D:2)
  5 adders
  An ooze (D:3)
  An adder skeleton (D:4)
  4 worms
  5 giant geckos
  13 orcs
  13 bats
  4 giant cockroaches
  17 goblins
  15 hobgoblins
  4 quokkas
  3 giant newts
  10 kobolds
  7 rats
  A bush (D:2)
  A plant (D:2)
118 creatures vanquished.

Vanquished Creatures (others)
  A plant (D:2)
1 creature vanquished.

Grand Total: 119 creatures vanquished

Notes
Turn   | Place    | Note
--------------------------------------------------------------
     0 | D:1      | Kidiri the Deep Elf Fire Elementalist began the quest for the Orb.
     0 | D:1      | Reached XP level 1. HP: 10/10 MP: 6/6
   427 | D:1      | Reached XP level 2. HP: 16/16 MP: 6/8
   431 | D:1      | Learned a level 2 spell: Throw Flame
  1128 | D:2      | Found a white marble altar of Elyvilon.
  1165 | D:2      | Reached XP level 3. HP: 20/20 MP: 6/10
  1170 | D:2      | Learned a level 3 spell: Conjure Flame
  1174 | D:2      | Learned a level 3 spell: Inner Flame
  1348 | D:2      | Found an iron altar of Okawaru.
  1351 | D:2      | Found a shadowy altar of Dithmenos.
  1353 | D:2      | Found an ancient bone altar of Kikubaaqudgha.
  1472 | D:2      | Reached skill level 1 in Fighting
  2116 | D:2      | Reached XP level 4. HP: 22/25 MP: 4/11
  2229 | D:2      | Reached skill level 4 in Spellcasting
  2840 | D:2      | Found an iron altar of Okawaru.
  3523 | D:3      | Noticed Robin
  3627 | D:2      | Reached XP level 5. HP: 29/29 MP: 4/13
  3717 | D:2      | Learned a level 4 spell: Sticky Flame
  3727 | D:3      | Killed Robin
  4109 | D:3      | Found a bloodstained altar of Trog.
  4456 | D:3      | Found a stormy altar of Qazlal.
  4612 | D:3      | Found an oddly glowing altar of Pakellas.
  4744 | D:4      | Noticed an ogre
  4751 | D:4      | Killed an ogre
  4751 | D:4      | Reached skill level 1 in Armour
  4751 | D:4      | Reached XP level 6. HP: 35/35 MP: 5/15
  4906 | D:4      | Reached skill level 5 in Spellcasting
  5034 | D:4      | Found a sacrificial altar of Ru.
  5330 | D:4      | Found a shimmering altar of Xom.
  5932 | D:4      | Got a twisted whip
  5940 | D:4      | Identified the +7 whip "Odghis" {vamp, rPois MP+9 Str+2 Int-2} (You found it on level 4 of the Dungeon)
  6086 | D:4      | Reached skill level 1 in Shields
  6336 | D:4      | Reached XP level 7. HP: 36/40 MP: 17/17
  6475 | D:5      | Entered Level 5 of the Dungeon
  6493 | D:5      | Noticed totalnoob's ghost (novice CeFi)
  6857 | D:5      | Reached skill level 5 in Dodging
  7240 | D:5      | Found an opulent altar of Gozag.
  7647 | D:5      | Mangled by totalnoob's ghost

Vault maps used:
D:1:      dpeg_arrival_rooms_b
D:2:      lemuel_round_altar, grunt_temple_overflow_open, serial_forest,
          infiniplex_forest_lined_3, infiniplex_forest_lined_3_way,
          infiniplex_forest_straight_2, infiniplex_forest_pool,
          infiniplex_forest_clump_long, infiniplex_forest_clump_C,
          infiniplex_forest_clump_cross, infiniplex_forest_clump_tiny,
          okawaru_trees_2
D:3:      marbit_many_paths, grunt_qazlal_sundering,
          nicolae_overflow_crystal_walls, first_bread, uniq_robin
D:4:      lemuel_crystal_altar, lemuel_doored_altar
D:5:      old_standard_altar, lemuel_round_altar, basic_altar,
          minmay_misc_feat_four_crosses

Action                   |  1- 3 |  4- 6 |  7- 9 || total
-------------------------+-------+-------+-------++-------
Melee: Dagger            |    13 |       |       ||    13
       Short sword       |    17 |    73 |     6 ||    96
       Whip              |       |     8 |       ||     8
 Cast: Flame Tongue      |    48 |    76 |     4 ||   128
       Throw Flame       |    32 |    59 |       ||    91
       Conjure Flame     |     1 |     8 |       ||     9
       Inner Flame       |     1 |     4 |       ||     5
       Sticky Flame      |       |     3 |     5 ||     8
  Use: Scroll            |     2 |     6 |       ||     8
       Potion            |     1 |     1 |     1 ||     3
 Stab: Sleeping          |     1 |     1 |     1 ||     3
  Eat: Chunk             |     2 |     1 |     1 ||     4
       Meat ration       |     1 |       |       ||     1
       Bread ration      |       |     3 |       ||     3
       Pizza             |       |     1 |       ||     1
       Fruit             |       |     1 |     2 ||     3
